 Dungeon Crawl Stone Soup version 0.20-a0-876-g2c7b0bf (console) character file.

168 nht the Twirler (level 5, -1/38 HPs)
             Began as a Demonspawn Gladiator on Mar 15, 2017.
             Slain by Menkaure (15 damage)
             ... on level 4 of the Dungeon.
             The game lasted 00:04:08 (2528 turns).

nht the Twirler (Demonspawn Gladiator)              Turns: 2528, Time: 00:04:09

Health: -1/38      AC:  7    Str: 14    XL:     5   Next: 23%
Magic:  5/5        EV: 12    Int: 11    God:
Gold:   111        SH:  0    Dex: 14    Spells: 4/4 levels left

rFire    . . .     SeeInvis .   a - +0 quarterstaff
rCold    . . .     Gourm    .   b - +0 leather armour
rNeg     . . .     Faith    .   (shield currently unavailable)
rPois    +         Spirit   .   c - +0 helmet
rElec    .         Reflect  .   e - +2 cloak {rPois}
rCorr    .         Harm     .   (no gloves)
MR       .....                  (no boots)
Stlth    +.........             (no amulet)
Regen    0.2/turn               (no ring)
MPRegen  0.1/turn               (no ring)

@: glowing
A: nightstalker 1
a: no special abilities


You were on level 4 of the Dungeon.
You were not hungry.

You visited 1 branch of the dungeon, and saw 4 of its levels.

You collected 111 gold pieces.

Inventory:

Hand Weapons
 a - a +0 quarterstaff (weapon)
Missiles
 d - 3 throwing nets (quivered)
Armour
 b - a +0 leather armour (worn)
 c - a +0 helmet (worn)
 e - a +2 cloak of poison resistance (worn)
Jewellery
 k - an uncursed ring of protection from magic {unknown}
Scrolls
 i - a scroll of enchant weapon {unknown}
 n - 2 scrolls of identify
 o - 2 scrolls of remove curse
Comestibles
 f - 2 bread rations
 g - 2 chunks of flesh
 h - a meat ration
 j - 4 fruits


   Skills:
 - Level 2.0 Fighting
 + Level 5.4 Staves
 - Level 1.7 Throwing
 - Level 2.6 Dodging


You had 4 spell levels left.
You didn't know any spells.

Dungeon Overview and Level Annotations

Branches:
Dungeon (4/15)
 Temple: D:4-7

Altars:

Annotations:
D:3 Azzok's ghost, novice SpEn; Grinder
D:4 Edmund; Menkaure


Innate Abilities, Weirdness & Mutations

You are slightly more attuned to the shadows.


Message History

Menkaure shouts!
Menkaure points at you and mumbles some strange words.
Pain shoots through your body!
You aren't carrying any potions.
There is a stone staircase leading up here.
You barely miss Menkaure. Menkaure hits you but does no damage.
Some of the chunks of flesh in your inventory have rotted away.
Edmund the Younger comes into view.
He is wielding a flail of protection.
Edmund shouts!
You hit Menkaure but do no damage. Menkaure barely misses you.
You sock Menkaure!
Menkaure is heavily damaged.
Menkaure barely misses you.
You barely miss Menkaure.
Menkaure is heavily damaged.
Menkaure hits you.
You hit Menkaure.
Menkaure is heavily damaged.
Menkaure hits you!
You die...

████.. █..█
█....███...█ .
█........█.█ ..
█........█.███...
█.......██.█....
█...@...█....███.
█..M@.....<......
█.......█....██..
█.......█....█
█.......██████
█.......█
█.......█


█████████ You could see Edmund and Menkaure.

Vanquished Creatures
  Crazy Yiuf (D:2)
  An orc priest (D:3)
  An adder (D:2)
  2 oozes
  3 worms
  3 dart slugs
  3 leopard geckos
  4 orcs (D:3)
  2 ball pythons
  12 bats
  3 giant cockroaches
  8 goblins
  5 hobgoblins
  3 jackals (D:2)
  7 kobolds
  A quokka (D:2)
  8 frilled lizards
  5 rats
  A fungus (D:2)
73 creatures vanquished.

Notes
Turn   | Place    | Note
-------+----------+-------------------------------------------
     0 | D:1      | nht the Demonspawn Gladiator began the quest for the Orb.
     0 | D:1      | Reached XP level 1. HP: 16/16 MP: 1/1
    47 | D:1      | Reached skill level 3 in Staves
    78 | D:1      | Gained mutation: You are slightly more attuned to the shadows. [demonic ancestry]
    78 | D:1      | Reached XP level 2. HP: 15/22 MP: 2/2
   460 | D:1      | Reached XP level 3. HP: 27/27 MP: 3/3
   937 | D:2      | Reached skill level 4 in Staves
  1565 | D:2      | Reached XP level 4. HP: 28/33 MP: 4/4
  1638 | D:2      | Found a runed door.
  1644 | D:2      | Noticed Crazy Yiuf
  1651 | D:2      | Killed Crazy Yiuf
  1814 | D:3      | Noticed Grinder
  1817 | D:3      | Paralysed by Grinder for 4 turns
  1825 | D:3      | HP: 1/33 [Grinder/nerve-wracking pain (2)]
  2201 | D:3      | Reached skill level 5 in Staves
  2282 | D:3      | Reached XP level 5. HP: 25/38 MP: 5/5
  2500 | D:3      | Noticed Azzok's ghost (novice SpEn)
  2519 | D:4      | Noticed Menkaure
  2524 | D:4      | Noticed Edmund
  2528 | D:4      | Slain by Menkaure

Vault maps used:
D:1:      minmay_arrival_stair_chambers
D:2:      first_bread, minmay_misc_feat_secret_circle, minmay_tromino_i4,
          uniq_crazy_yiuf_cottage
D:3:      uniq_grinder, uniq_robin
D:4:      hex_medium, uniq_edmund, uniq_eustachio, uniq_menkaure

Skill      XL: |  1  2  3  4 |
---------------+-------------+-----
Staves         | 3 4 5 |  5.4
Fighting       | |  2.0
Throwing       | |  1.7
Dodging        | |  2.6

Action                   |  1- 3 |  4- 6 || total
-------------------------+-------+-------++-------
Melee: Quarterstaff      |   122 |   110 ||   232
  Use: Potion            |     4 |     2 ||     6
       Scroll            |       |     3 ||     3
 Stab: Sleeping          |     4 |     4 ||     8
  Eat: Chunk             |     2 |     3 ||     5
Armor: Leather armour    |    38 |    42 ||    80
Dodge: Dodged            |    93 |    93 ||   186
